 Dungeon Sprint DCSS version 0.30-a0-852-g08b95dd62f (webtiles) character file.

Game seed: 3407092875407845280

36 Rocko1345 the Trooper (level 3, -12/36 HPs)
             Began as a Draconian Chaos Knight on Mar 4, 2023.
             Was a Plaything of Xom.
             Killed from afar by a deep elf pyromancer (19 damage)
             ... with a bolt of fire
             ... in the Dungeon (Sprint III: "The Ten Rune Challenge").
             The game lasted 00:03:42 (216 turns).

Rocko1345 the Trooper (Draconian Chaos Knight)       Turns: 216, Time: 00:03:43

Health: -12/36     AC:  5    Str: 16    XL:     3   Next: 19%
Magic:  3/3        EV: 12    Int: 12    God:    Xom [..*...]
Gold:   57         SH:  0    Dex: 10    Spells: 2/2 levels left

rFire   . . .      SeeInvis .    a - +0 spear (chaos)
rCold   . . .      Faith    .    (no shield)
rNeg    . . .      Spirit   .    (body armour unavailable)
rPois   .          Reflect  .    (helmet restricted)
rElec   .          Rampage  .    (no cloak)
rCorr   .          NoTele   +    (no gloves)
Will    .....                    (no boots)
Stlth   +                        (no amulet)
HPRegen 0.26/turn                (no ring)
MPRegen 0.08/turn                (no ring)

@: mighty
A: AC +5, unfitting armour, cold-blooded
a: Renounce Religion


You were in the Dungeon.
You worshipped Xom.
You were a toy of Xom.
You visited 1 branch You collected 57 gold pieces.

Inventory:

Hand Weapons
 a - a +0 spear of chaos (weapon)
Scrolls
 g - a scroll of torment
 h - a scroll of blinking
Potions
 c - a potion of curing
 e - a potion of haste
 f - 2 potions of magic
 j - 6 potions of mutation
 l - a potion of flight
Miscellaneous
 b - a piece from Xom's chessboard (15/15) (quivered)


   Skills:
 + Level 5.4 Fighting
 + Level 5.1 Polearms
 + Level 3.2 Dodging


You had 2 spell levels left.
You didn't know any spells.
Your spell library was empty.

Dungeon Overview and Level Annotations

Branches:
Dungeon (1/1)

Altars:
Elyvilon
Zin
The Shining One


Innate Abilities, Weirdness & Mutations

Your plain brown scales are hard. (AC +5)
You cannot fit into any form of body armour.
You are cold-blooded and may be slowed by cold attacks.


Message History

Aim: a deep elf pyromancer, wielding a +1 long sword of holy wrath (about 47% to evade your +0 spear of chaos)
You puncture the deep elf pyromancer! You freeze the deep elf pyromancer.
The deep elf pyromancer is moderately wounded.
The deep elf pyromancer points at you and mumbles some strange words.
The bolt of fire hits you!!
Ouch! That really hurt!
* * * LOW HITPOINT WARNING * * *
Reach: a) +0 spear (chaos)
Press: ? - help, Dir - move target, f/p - deep elf pyromancer
Aim: a deep elf pyromancer, wielding a +1 long sword of holy wrath (moderately wounded, about 47% to evade your +0 spear of chaos)
You closely miss the deep elf pyromancer.
The deep elf pyromancer is moderately wounded.
The deep elf pyromancer hits you with a +1 long sword of holy wrath.
* * * LOW HITPOINT WARNING * * *
Xom is highly amused!
You feel much better.
The deep elf pyromancer casts a spell at you.
The sticky flame hits you!
You are covered in liquid flames!
You feel better.
You are covered in liquid flames!
The deep elf pyromancer mumbles some strange words.
The deep elf pyromancer blinks!
Reach: a) +0 spear (chaos)
Press: ? - help, Dir - move target, f - you, p - deep elf pyromancer That would be overly suicidal.
Okay, then.
You are covered in liquid flames!
* * * LOW HITPOINT WARNING * * *
You are no longer on fire.
You close the door.
There is a glowing silver altar of Zin here.
A deep elf pyromancer opens the door.
There is a glowing golden altar of the Shining One here.
You kneel at the altar of the Shining One.
The deep elf pyromancer casts a spell at you.
The bolt of fire hits you!!
Ouch! That really hurt!
You die...
Xom snickers!

▓▓▓▓▓▓ ▓▓▓ .#.†.####
##.#####
.#......#####..#___#
##.......#..#..#@..#
.##.##...#..#..###'#+###+#
.##.###..##'#b.#...e......
####.##..###Eb.+.⌠........
##..##..####b..#...######+
....##..###....#.⌠.#
#..##...##.....#...#
..##....#...b..#+###
.###..##.#.....#


You could see a deep elf pyromancer.

Vanquished Creatures
  A human (D)
  A wolf (D)
  2 endoplasms (D)
  2 rats (D)
6 creatures vanquished.

Notes
Turn   | Place    | Note
-------+----------+-------------------------------------------
     0 | D        | Rocko1345 the Draconian Chaos Knight began the quest for
                  | the Orb.
     0 | D        | Reached XP level 1. HP: 19/19 MP: 1/1
    77 | D        | Noticed a wolf
    79 | D        | Killed a wolf
    80 | D        | Reached XP level 2. HP: 28/28 MP: 2/2
    88 | D        | Reached skill level 5 in Fighting
    88 | D        | Reached skill level 5 in Polearms
    88 | D        | Reached XP level 3. HP: 36/36 MP: 3/3
   150 | D        | Noticed a water elemental
   154 | D        | XOM: butterfly on damage
   162 | D        | XOM: potion effect (might)
   205 | D        | Found a glowing silver altar of Zin.
   205 | D        | Found a glowing golden altar of the Shining One.
   205 | D        | Found a white marble altar of Elyvilon.
   206 | D        | Noticed a deep elf pyromancer
   216 | D        | Killed from afar by a deep elf pyromancer

Illustrated notes

Levels and vault maps discovered:
D:        dungeon_sprint_mu [sprint_mu_entry_cave, sprint_mu_temple_rooms,
          sprint_mu_d1_horrors, sprint_mu_d2_genie, sprint_mu_d3_branching,
          sprint_mu_orc_legion, sprint_mu_elf_gauntlet, sprint_mu_hive_nellie,
          sprint_mu_lair_fedhas, sprint_mu_vaults_butterflies,
          sprint_mu_slime_circle, sprint_mu_swamp_cave, sprint_mu_snake_twists,
          sprint_mu_blade_basic, sprint_mu_crypt_chambers,
          sprint_mu_tomb_spiral, sprint_mu_vestibule_basic,
          sprint_mu_gehenna_hellfire, sprint_mu_dis_giant,
          sprint_mu_tartarus_statrot, sprint_mu_cocytus_islands, sprint_mu_zot1]

Skill      XL: |  1  2 |
---------------+-------+-----
Fighting       | 4 5 |  5.4
Polearms       | 4 5 |  5.1
Dodging        | 3 |  3.2

Action                     || total
---------------------------++-------
  Melee: Spear             ||    22
         Tailslap          ||     2
    Use: Potion            ||     3
         Scroll            ||     4
   Stab: Confused          ||     1
  Dodge: Dodged            ||     6

Table legend: (Time is in decaauts)
 A = Elapsed time spent in this place.
 B = Non-inter-level travel time spent in this place.
 C = Inter-level travel time spent in this place.
 D = Time resting spent in this place.
 E = Time spent auto-exploring this place.
 F = Levels seen in this place.
 G = Mean time per level.
                   A        B        C        D        E       F      G
               +--------+--------+--------+--------+--------+-----+--------+
         Total |    224 |    217 |      7 |     97 |     15 |   1 |  224.0 |
       Dungeon |    224 |    217 |      7 |     97 |     15 |   1 |  224.0 |
               +--------+--------+--------+--------+--------+-----+--------+

Top non-repeatable levels by time:
       D: 224 daAuts
